 Dungeon Crawl Stone Soup version 0.19-a0-1170-g18f0c96 (webtiles) character file.

15092 Duffy the Carver (level 12, -4/87 HPs)
             Began as a Halfling Fighter on Aug 17, 2016.
             Was a High Priest of Cheibriados.
             Slain by Nattefrost's ghost (8 damage)
             ... on level 2 of the Lair of Beasts.
             The game lasted 00:18:39 (14615 turns).

Duffy the Carver (Halfling Fighter)                Turns: 14615, Time: 00:18:40

Health: -4/87      AC: 18    Str: 29    XL:     12   Next: 53%
Magic:  15/15      EV: 16    Int: 20    God:    Cheibriados [*****.]
Gold:   590        SH: 13    Dex: 32    Spells: 0 memorised, 11 levels left

rFire  . . .     SeeInvis .     a - +5 scimitar (flame)
rCold  . . .     Gourm    .     I - +0 plate armour
rNeg   . . .     Faith    .     c - +0 shield
rPois  .         Spirit   .     (no helmet)
rElec  .         Dismiss  +     l - +2 cloak
rCorr  .         Reflect  .     n - +0 pair of gloves
MR     ++...     Harm     .     (no boots)
Stlth  ..........               i - amulet of dismissal
                                y - ring of protection from magic
                                m - ring of protection from magic

@: very slow
A: mutation resistance 1
a: Bend Time, Temporal Distortion, Slouch, Step From Time, Renounce Religion


You were on level 2 of the Lair of Beasts.
You worshipped Cheibriados.
Cheibriados was extremely pleased with you.
You were not hungry.

You visited 3 branches of the dungeon, and saw 13 of its levels.
You also visited: Bailey.

You collected 708 gold pieces.
You spent 118 gold pieces at shops.

Inventory:

Hand Weapons
 a - a +5 scimitar of flaming (weapon)
Armour
 c - a +0 shield (worn)
 l - a +2 cloak (worn)
 n - a +0 pair of gloves (worn)
 I - a +0 plate armour (worn)
Jewellery
 i - an amulet of dismissal (around neck)
 m - a ring of protection from magic (left hand)
 r - an uncursed ring of flight
 y - a ring of protection from magic (right hand)
 M - a cursed -5 ring of protection {unknown}
Wands
 b - a wand of teleportation (3/9)
 d - a wand of heal wounds (6/9)
 k - a wand of slowing (42/48)
 v - a wand of enslavement (9/24)
 z - a wand of flame (40/48)
 B - a wand of teleportation (3/9)
 C - a wand of lightning (6/15)
Scrolls
 o - a scroll of fear
 p - a scroll of teleportation {unknown}
 F - 5 scrolls of remove curse
 H - a scroll of recharging
 J - a scroll of magic mapping {unknown}
Potions
 e - 9 potions of curing
 j - a potion of might
 q - a potion of degeneration {unknown}
 t - 2 potions of invisibility {unknown}
 u - 2 potions of flight
 w - 2 potions of magic {unknown}
 A - 3 potions of resistance {unknown}
 D - a potion of cure mutation {unknown}
 E - a potion of ambrosia
 G - a potion of mutation {unknown}
Books
 x - Sif Muna's Papyrus of Damage Dealing and the Traveller
   (You found it on level 9 of the Dungeon)

   Spells                             Type                      Level
   a - Apportation                    Translocation                1
   b - Static Discharge               Conjuration/Air              3
   c - Recall                         Summoning/Translocation      3
   d - Spellforged Servitor           Conjuration/Summoning        7
Miscellaneous
 K - a fan of gales
Comestibles
 f - 9 bread rations
 g - 5 meat rations
 h - 3 slices of pizza
 s - a beef jerky
 L - a royal jelly


   Skills:
 + Level 10.1 Fighting
 + Level 12.0 Long Blades
 + Level 8.7 Armour
 + Level 8.0 Dodging
 - Level 3.2 Shields
 + Level 4.9 Invocations


You had 11 spell levels left.
You didn't know any spells.

Dungeon Overview and Level Annotations

Branches:
Dungeon (10/15)            Temple (1/1) D:7            Lair (2/6) D:9
    Orc (0/2) D:9
  Swamp: Lair:2-4    Shoals: Lair:2-4     Snake: Lair:2-4    Spider: Lair:2-4

Altars:
Ashenzari
Cheibriados
Dithmenos
Elyvilon
Fedhas
Gozag
Kikubaaqudgha
Makhleb
Nemelex Xobeh
Okawaru
Pakellas
Qazlal
Ru
Sif Muna
Trog
Uskayaw
Vehumet
Xom
Yredelemnul
Zin
The Shining One

Shops:
D:10 *

Annotations:
Lair:2 Nattefrost's ghost, adept MfGl


Innate Abilities, Weirdness & Mutations

You are small and have problems with some larger weapons.
You are somewhat resistant to further mutation.


Message History

You slash Nattefrost's ghost! You burn Nattefrost's ghost!
Nattefrost's ghost is moderately damaged.
Nattefrost's ghost closely misses you.
You riposte.
You hit Nattefrost's ghost. You burn Nattefrost's ghost.
Nattefrost's ghost is heavily damaged.
You hit Nattefrost's ghost but do no damage.
Nattefrost's ghost is heavily damaged.
Nattefrost's ghost hits you!!
You hit Nattefrost's ghost but do no damage.
Nattefrost's ghost is heavily damaged.
Nattefrost's ghost barely misses you.
You riposte.
You hit Nattefrost's ghost but do no damage.
Nattefrost's ghost is heavily damaged.
You hit Nattefrost's ghost but do no damage.
Nattefrost's ghost is heavily damaged.
You slash Nattefrost's ghost! You burn Nattefrost's ghost.
Nattefrost's ghost is heavily damaged.
Nattefrost's ghost hits you!!
* * * LOW HITPOINT WARNING * * *
You die...

. .. .. ... ......## #######
### ######
.......P##P#.#.####P####..#.#
...........#....##...P##....#
...............##...........##
...............W@........(...#
...........................P##
...........................P#
............#......#......###
.................####......#
................P###.....###
...................P....##
.........................#
...........≈≈≈≈.........##


You could see Nattefrost's ghost.

Vanquished Creatures
  Gastronok (Lair:2)
  A hydra (Lair:1)
  3 death yaks (Lair:2)
  A black mamba (Lair:2)
  2 spiny frogs
  2 komodo dragons
  3 trolls
  5 blink frogs
  A two-headed ogre (D:8)
  A spriggan (D:10)
  2 wyverns
  A wraith (D:10)
  Eustachio (D:4)
  A hippogriff (D:8)
  A hungry ghost (D:9)
  A warg (D:9)
  Edmund (D:6)
  Duvessa (D:7)
  4 water moccasins
  2 porcupines (Lair:2)
  9 orc warriors
  An ice beast (D:8)
  2 black bears
  A necrophage (D:8)
  4 ogres
  2 sky beasts
  8 centaurs
  4 crocodiles
  A big kobold (D:10)
  Blork the orc (D:6)
  7 giant frogs
  Dowan (D:7)
  3 scorpions
  9 wights
  6 killer bees (D:9)
  4 howler monkeys
  2 electric eels
  4 crimson imps
  4 hounds
  A jelly (D:8)
  10 orc priests
  12 orc wizards
  Terence (D:3)
  4 iguanas
  5 worker ants
  A hound zombie (D:9)
  A hound skeleton (D:8)
  3 worker ant zombies
  7 gnolls
  14 adders
  19 river rats
  4 shadow imps
  An adder zombie (D:5)
  An adder skeleton (D:4)
  2 worms (D:3)
  A dart slug (D:5)
  3 giant geckos
  51 orcs
  5 giant cockroaches
  16 goblins
  8 hobgoblins
  4 jackals
  12 kobolds
  3 quokkas
  2 ball pythons
  3 bats
  5 giant newts
  A quokka skeleton (D:4)
  5 rats
  A fungus (D:9)
314 creatures vanquished.

Vanquished Creatures (others)
  3 fungi
3 creatures vanquished.

Grand Total: 317 creatures vanquished

Notes
Turn   | Place    | Note
-------+----------+-------------------------------------------
     0 | D:1      | Duffy the Halfling Fighter began the quest for the Orb.
     0 | D:1      | Reached XP level 1. HP: 15/15 MP: 1/1
   264 | D:1      | Reached XP level 2. HP: 16/20 MP: 2/2
   326 | D:1      | Reached skill level 1 in Dodging
   843 | D:2      | Reached XP level 3. HP: 7/25 MP: 3/3
  1509 | D:2      | Reached skill level 3 in Long Blades
  1939 | D:3      | Found a hide-covered altar of Uskayaw.
  1940 | D:3      | Noticed a dagger
  1941 | D:3      | Noticed a hand axe
  1942 | D:3      | Noticed Terence
  1967 | D:3      | Killed Terence
  1967 | D:3      | Reached XP level 4. HP: 18/30 MP: 4/4
  2147 | D:3      | Reached skill level 4 in Long Blades
  2413 | D:3      | Reached XP level 5. HP: 35/35 MP: 5/5
  2458 | D:3      | Found a stormy altar of Qazlal.
  2579 | D:3      | Found a radiant altar of Vehumet.
  3141 | D:4      | Reached skill level 5 in Long Blades
  3149 | D:4      | Reached XP level 6. HP: 41/41 MP: 6/6
  3209 | D:4      | Reached skill level 6 in Long Blades
  3659 | D:4      | Found an opulent altar of Gozag.
  3932 | D:4      | Found a burning altar of Makhleb.
  3973 | D:5      | Entered Level 5 of the Dungeon
  4171 | D:5      | Found a basalt altar of Yredelemnul.
  4250 | D:4      | Reached XP level 7. HP: 40/46 MP: 7/7
  4377 | D:5      | Noticed a wyvern
  4398 | D:5      | Killed a wyvern
  4625 | D:5      | Reached skill level 7 in Long Blades
  4993 | D:6      | Noticed Eustachio
  4996 | D:5      | Reached XP level 8. HP: 48/54 MP: 8/8
  5161 | D:5      | Reached skill level 5 in Fighting
  5531 | D:4      | Killed Eustachio
  5742 | D:6      | Noticed Blork the orc
  5774 | D:6      | Killed Blork the orc
  5774 | D:6      | Reached skill level 8 in Long Blades
  5991 | D:6      | Noticed Edmund
  6008 | D:6      | Killed Edmund
  6092 | D:6      | Reached XP level 9. HP: 49/62 MP: 9/9
  6453 | D:5      | Reached skill level 9 in Long Blades
  6827 | D:7      | Found a staircase to the Ecumenical Temple.
  6845 | D:7      | Noticed Duvessa
  6849 | D:7      | Noticed Dowan
  6869 | Temple   | Entered the Ecumenical Temple
  7013 | Temple   | Became a worshipper of Cheibriados the Contemplative
  7033 | D:7      | Killed Duvessa
  7044 | D:7      | Killed Dowan
  7214 | D:7      | Found a flagged portal.
  7231 | Bailey   | Entered a bailey
  7373 | Bailey   | Found an iron altar of Okawaru.
  7373 | Bailey   | Noticed an orc high priest
  7373 | Bailey   | Noticed an orc sorcerer
  7374 | Bailey   | Noticed an ice devil
  7378 | Bailey   | Noticed a hellwing
  7384 | Bailey   | Noticed a hellwing
  7387 | Bailey   | Noticed an ice devil
  7388 | Bailey   | Noticed an ice devil
  7390 | Bailey   | Noticed a rust devil
  7392 | Bailey   | Noticed a sun demon
  7656 | D:7      | Reached * piety under Cheibriados
  7838 | D:7      | Reached skill level 10 in Long Blades
  8741 | D:7      | Reached XP level 10. HP: 59/72 MP: 10/10
  9278 | D:7      | Found a shattered altar of Ashenzari.
  9658 | D:8      | Reached ** piety under Cheibriados
  9825 | D:7      | Reached skill level 5 in Armour
 10923 | D:9      | Identified Sif Muna's Papyrus of Damage Dealing and the Traveller
 11082 | D:9      | Reached *** piety under Cheibriados
 11132 | D:9      | Found a staircase to the Orcish Mines.
 11420 | D:9      | Found a staircase to the Lair.
 11438 | D:9      | Reached skill level 5 in Dodging
 11684 | D:9      | Found a sacrificial altar of Ru.
 11761 | D:9      | Reached XP level 11. HP: 73/78 MP: 11/11
 11872 | D:10     | Entered Level 10 of the Dungeon
 11884 | D:9      | Reached **** piety under Cheibriados
 12098 | D:10     | Reached skill level 11 in Long Blades
 12461 | D:10     | Reached skill level 1 in Invocations
 12517 | D:10     | Found Joozuperch's Assorted Antiques.
 12520 | D:10     | Bought 2 fuming dark potions for 46 gold pieces
 12520 | D:10     | Bought a sapphire potion for 23 gold pieces
 12520 | D:10     | Bought a scroll labeled OTHI FAPSE for 26 gold pieces
 12520 | D:10     | Bought a metallic red potion for 23 gold pieces
 12971 | Lair:1   | Entered Level 1 of the Lair of Beasts
 13001 | Lair:1   | Reached ***** piety under Cheibriados
 13399 | Lair:1   | Noticed a six-headed hydra
 13408 | Lair:1   | Killed a one-headed hydra
 13697 | Lair:2   | Noticed Gastronok
 13887 | Lair:2   | Killed Gastronok
 13887 | Lair:2   | Reached XP level 12. HP: 59/87 MP: 14/14
 14299 | Lair:2   | Noticed a death yak
 14299 | Lair:2   | Noticed a death yak
 14300 | Lair:2   | Noticed a death yak
 14302 | Lair:2   | Noticed a death yak
 14304 | Lair:2   | Noticed a death yak
 14317 | Lair:2   | Killed a death yak
 14317 | Lair:2   | Reached skill level 10 in Fighting
 14326 | Lair:2   | Killed a death yak
 14331 | Lair:2   | Killed a death yak
 14331 | Lair:2   | Reached skill level 12 in Long Blades
 14483 | Lair:2   | Noticed Nattefrost's ghost (adept MfGl)
 14615 | Lair:2   | HP: 4/87 [Nattefrost's ghost (28)]
 14615 | Lair:2   | Slain by Nattefrost's ghost

Vault maps used:
D:1:      ncdulo_watergridlock
D:3:      lemuel_doored_altar, dancing_weapons_uskayaw,
          lemuel_coloured_pillars_altar, uniq_terence
D:4:      kennysheep_mini, grunt_gozag_breadcrumbs
D:5:      lemuel_round_altar, first_bread
D:6:      uniq_eustachio, uniq_blork_the_orc, uniq_edmund
D:7:      nicolae_overflow_hidden_temple, serial_co_window_serial,
          co_window_paths_a, co_window_paths_a, co_window_paths_a,
          co_window_paths_a, co_window_paths_b, co_window_of_opportunity_a,
          co_window_cross_1, co_window_corner_a, co_window_corner_a,
          co_window_corner_b, co_window_of_opportunity_b, co_window_broadway_c,
          co_window_cross_2, co_window_2corner, co_window_unsneaky_path_a,
          glass_columns_b, enter_bailey_3, uniq_duvessa
D:9:      kennysheep_mini_moat, dpeg_oklobed_lair, erik_orc_3
D:10:     serial_shops, nicolae_shop_behind_doors, the_bakery,
          hangedman_abyss_or_decor_stagger
Temple:   nicolae_temple_god_jail
Lair:1:   kb_forest_paths
Lair:2:   grunt_megastairs_1, infiniplex_staircase_pool, uniq_gastronok
Bailey:   bailey_axe_of_yendor_kennysheep, bailey

Skill      XL: |  1  2  3  4  5  6  7  8  9 10 11 12 |
---------------+-------------------------------------+-----
Dodging        | 1 2 5 7 8 |  8.0
Long Blades    | 3 4 5 6 7 8 10 11 12 | 12.0
Fighting       | 3 4 6 7 8 9 10 | 10.1
Armour         | 6 8 |  8.7
Invocations    | 3 4 |  4.9
Shields        | |  3.2

Action                   |  1- 3 |  4- 6 |  7- 9 | 10-12 || total
-------------------------+-------+-------+-------+-------++-------
Melee: Long sword        |   105 |   221 |   176 |       ||   502
       Scimitar          |       |       |   239 |   575 ||   814
Evoke: Wand              |       |       |     1 |     5 ||     6
  Use: Scroll            |     3 |     1 |    11 |    10 ||    25
       Potion            |       |     2 |     5 |       ||     7
 Stab: Distracted        |       |       |       |     1 ||     1
  Eat: Chunk             |     3 |     9 |    11 |    10 ||    33
       Pizza             |       |       |     1 |       ||     1
       Royal jelly       |       |       |       |     1 ||     1
Armor: Scale mail        |    27 |    17 |    20 |       ||    64
       Skin              |       |    32 |    28 |       ||    60
       Chain mail        |       |    48 |   105 |    51 ||   204
       Plate armour      |       |       |       |    94 ||    94
Dodge: Dodged            |    35 |    63 |   109 |   196 ||   403
Block: Shield            |    49 |   100 |   173 |   279 ||   601
